 Dungeon Crawl Stone Soup version 0.19.0 (webtiles) character file.

1892 Querens the Destroyer (level 8, -4/57 HPs)
             Began as a Demigod Conjurer on Nov 1, 2016.
             Slain by an orc priest (5 damage)
             ... on level 6 of the Dungeon.
             The game lasted 00:58:09 (5490 turns).

Querens the Destroyer (Demigod Conjurer)            Turns: 5490, Time: 00:58:16

Health: -4/57      AC:  7    Str: 13    XL:     8   Next: 61%
Magic:  20/20      EV: 13    Int: 21    God:
Gold:   443        SH:  0    Dex: 14    Spells: 1 memorised, 17 levels left

rFire  . . .     SeeInvis .     K - +0 rapier (drain)
rCold  . . .     Gourm    .     a - +0 robe
rNeg   . . .     Faith    .     (no shield)
rPois  +         Spirit   .     J - +1 helmet
rElec  .         Reflect  .     m - +0 cloak
rCorr  .         Harm     .     B - +1 pair of gloves
MR     .....                    (no boots)
Stlth  +++.......               (no amulet)
                                Q - ring of poison resistance
                                p - ring of stealth

@: no status effects
A: blurry vision 1, clumsy 1, high mp 1, evolution 1, subdued magic 1,
MP-powered wands
a: no special abilities


You were on level 6 of the Dungeon.
You were hungry.

You visited 1 branch of the dungeon, and saw 7 of its levels.

You collected 443 gold pieces.

Inventory:

Hand Weapons
 h - a +0 mace
 x - a cursed -2 whip
 I - a +1 dagger of draining
 K - a +0 rapier of draining (weapon)
Armour
 a - a +0 robe (worn)
 g - a +0 robe
 m - a +0 cloak (worn)
 B - a +1 pair of gloves (worn)
 J - a +1 helmet (worn)
Jewellery
 p - a ring of stealth (left hand)
 y - an uncursed ring of resist corrosion
 Q - a ring of poison resistance (right hand)
 T - a +6 ring of dexterity {unknown}
Wands
 u - a wand of flame (0/48)
 G - a wand of teleportation (5/9)
 P - a wand of digging (9/24)
Scrolls
 d - 5 scrolls of amnesia
 n - 4 scrolls of identify {unknown}
 o - 4 scrolls of teleportation
 q - 3 scrolls of fear {unknown}
 s - a scroll of recharging {unknown}
 t - 3 scrolls of enchant weapon {unknown}
 w - 2 scrolls of random uselessness {unknown}
 z - a scroll of enchant armour {unknown}
 C - 3 scrolls of blinking {unknown}
 L - 4 scrolls of remove curse {unknown}
Potions
 e - a potion of mutation
 j - a potion of agility {unknown}
 l - a potion of brilliance
 v - a potion of berserk rage
 A - a potion of flight
 H - a potion of heal wounds {unknown}
 M - a potion of magic {unknown}
 N - a potion of haste {unknown}
Books
 b - a book of Conjurations

   Spells                             Type                      Level
   a - Magic Dart                     Conjuration                  1
   b - Searing Ray                    Conjuration                  2
   c - Dazzling Spray                 Conjuration/Hexes            3
   d - Fulminant Prism                Conjuration/Hexes            4
   e - Iskenderun's Mystic Blast      Conjuration                  4
   f - Iskenderun's Battlesphere      Conjuration/Charms           5
 E - a book of Maledictions

   Spells                             Type                      Level
   a - Corona                         Hexes                        1
   b - Ensorcelled Hibernation        Hexes/Ice                    2
   c - Confuse                        Hexes                        3
   d - Tukima's Dance                 Hexes                        3
   e - Dazzling Spray                 Conjuration/Hexes            3
 R - a book of Callings

   Spells                             Type                      Level
   a - Summon Small Mammal            Summoning                    1
   b - Call Imp                       Summoning                    2
   c - Call Canine Familiar           Summoning                    3
   d - Summon Guardian Golem          Hexes/Summoning              3
   e - Summon Lightning Spire         Summoning/Air                4
   f - Summon Ice Beast               Ice/Summoning                4
Comestibles
 c - 4 bread rations
 f - 5 fruits
 i - a royal jelly
 r - a beef jerky
 O - a meat ration


   Skills:
 - Level 0.1 Fighting
 - Level 1.0 Short Blades
 + Level 3.1 Dodging
 - Level 1.7 Stealth
 + Level 5.9 Spellcasting
 * Level 8.6 Conjurations
 + Level 1.8 Evocations


You had 17 spell levels left.
You knew the following spells:

 Your Spells              Type           Power        Failure   Level  Hunger
a - Magic Dart            Conj           ####         1%          1    None


Dungeon Overview and Level Annotations

Branches:
Dungeon (7/15)
 Temple: D:4-7

Shops:
D:6 (   D:7 =*%

Annotations:
D:6 Menkaure


Innate Abilities, Weirdness & Mutations

You have an increased reservoir of magic. (+10% MP)
Scrolls take you a little longer to read.
You are clumsy. (Dex -2)
You evolve.
Your spells are a little easier to cast, but a little less powerful.
You expend magic power (3 MP) to strengthen your wands.


Message History

You hit the shadow imp.
You kill the shadow imp!
There is a stone staircase leading up, spattered with blood here.
The orc priest calls down the wrath of Beogh upon you.
Beogh smites you!
* * * LOW HITPOINT WARNING * * *
You climb upwards.
Level annotation: Menkaure
There is a stone staircase leading down, spattered with blood here.
You feel better. The orc priest barely misses you.
You are too injured to fight recklessly!
You are too injured to fight recklessly!
You are too injured to fight recklessly!
You closely miss the orc priest.
The orc priest is moderately wounded.
The orc priest calls down the wrath of Beogh upon you.
Beogh smites you!
* * * LOW HITPOINT WARNING * * *
The orc priest hits you.
You die...

................................#
................................#
.#########.##'##.####.####..##.##
.###..####.##.##.####.####..#####
..#.........#....#...............
..#.........#....#...............
..#.........#....#....[..........
..#.........#..o[#..........#####
..#.........#...@#..>.......##...
#####+##.#######'##.####....##...
.###..##.####.##.##<####....##.<.
...............#...<.#.......#...
...............#.....#.......#...
...............#.....'.......#...
..............##....##.......####
#.####...##...##....########.#
#.# ###########.....# ###


You could see an orc priest.

Vanquished Creatures
  An orc warrior (D:6)
  3 ice beasts
  A sky beast (D:6)
  A black bear (D:6)
  A phantom (D:5)
  5 ogres
  A centaur (D:6)
  3 bullfrogs (D:6)
  A howler monkey (D:6)
  2 crimson imps
  A centaur skeleton (D:6)
  2 hounds
  An orc priest (D:7)
  Jessica (D:3)
  A worker ant (D:6)
  A hound zombie (D:5)
  A hound skeleton (D:6)
  A worker ant zombie (D:7)
  Robin (D:4)
  4 gnolls (D:5)
  8 adders
  4 shadow imps
  An ooze (D:3)
  2 adder zombies (D:5)
  5 dart slugs
  7 leopard geckos
  4 orcs
  9 bats
  7 giant cockroaches
  15 goblins
  9 hobgoblins
  3 quokkas
  6 frilled lizards
  A jackal skeleton (D:4)
  8 kobolds
  A quokka skeleton (D:5)
  8 rats
131 creatures vanquished.

Notes
Turn   | Place    | Note
-------+----------+-------------------------------------------
     0 | D:1      | Querens the Demigod Conjurer began the quest for the Orb.
     0 | D:1      | Reached XP level 1. HP: 14/14 MP: 5/5
   172 | D:1      | Reached skill level 4 in Conjurations
   273 | D:1      | Reached XP level 2. HP: 20/20 MP: 0/7
   800 | D:2      | Reached XP level 3. HP: 16/26 MP: 1/9
  1018 | D:2      | Found a stormy altar of Qazlal.
  1375 | D:2      | Found a snail-covered altar of Cheibriados.
  1519 | D:3      | Noticed Jessica
  1523 | D:3      | Killed Jessica
  1523 | D:3      | Reached XP level 4. HP: 25/33 MP: 3/11
  1655 | D:3      | Found a sacrificial altar of Ru.
  1829 | D:3      | Noticed an ogre
  2053 | D:3      | Killed an ogre
  2053 | D:3      | Reached skill level 5 in Conjurations
  2053 | D:3      | Reached XP level 5. HP: 35/38 MP: 4/13
  2179 | D:4      | Noticed an ogre
  2747 | D:3      | Killed an ogre
  2797 | D:4      | Noticed Robin
  2807 | D:4      | Reached XP level 6. HP: 19/45 MP: 4/15
  2810 | D:4      | Killed Robin
  2812 | D:4      | HP: 2/45 [goblin/dagger[Robin] (1)]
  3234 | D:5      | Entered Level 5 of the Dungeon
  3334 | D:5      | Found a white marble altar of Elyvilon.
  3407 | D:5      | Found a shattered altar of Ashenzari.
  3478 | D:5      | Reached skill level 6 in Conjurations
  3519 | D:5      | Reached skill level 1 in Short Blades
  3519 | D:5      | Reached XP level 7. HP: 41/50 MP: 6/17
  3746 | D:5      | Reached skill level 7 in Conjurations
  3746 | D:5      | Reached skill level 1 in Evocations
  3750 | D:5      | Found a burning altar of Makhleb.
  3933 | D:6      | Found Toppolei's Antique Weapon Shop.
  4057 | D:6      | Reached skill level 5 in Spellcasting
  4063 | D:6      | Gained mutation: You are clumsy. (Dex -2) [mutagenic meat]
  4064 | D:6      | Gained mutation: Your spells are a little easier to cast, but a little less powerful. [mutagenic meat]
  4066 | D:6      | Gained mutation: Scrolls take you a little longer to read. [mutagenic meat]
  4155 | D:6      | Reached XP level 8. HP: 38/57 MP: 10/19
  4499 | D:6      | Reached skill level 8 in Conjurations
  4862 | D:6      | Noticed Menkaure
  4989 | D:7      | Found Ocuabawn's Food Shoppe.
  5036 | D:6      | HP: 3/85 [orc warrior/flail (16)]
  5143 | D:7      | Gained mutation: You evolve. [potion of mutation]
  5143 | D:7      | Gained mutation: You expend magic power (3 MP) to strengthen your wands. [potion of mutation]
  5215 | D:7      | Found Junon's Jewellery Shoppe.
  5240 | D:7      | Found Viahi's General Store.
  5463 | D:7      | Noticed a hippogriff
  5490 | D:6      | HP: 1/57 [orc priest/divine providence (13)]
  5490 | D:6      | Slain by an orc priest

Skill      XL: |  1  2  3  4  5  6  7  8 |
---------------+-------------------------+-----
Conjurations   | 4 5 6 7 8 |  8.6
Spellcasting   | 2 3 4 5 |  5.9
Short Blades   | 1 |  1.0
Dodging        | 2 3 |  3.1
Evocations     | 1 |  1.8
Fighting       | |  0.1
Stealth        | |  1.7

Action                   |  1- 3 |  4- 6 |  7- 9 || total
-------------------------+-------+-------+-------++-------
Melee: Mace              |    17 |    35 |       ||    52
       Rapier            |       |    32 |   154 ||   186
 Cast: Magic Dart        |    81 |   106 |   159 ||   346
Evoke: Wand              |       |     7 |     5 ||    12
  Use: Potion            |       |     1 |    11 ||    12
       Scroll            |       |       |     2 ||     2
 Stab: Sleeping          |     1 |     5 |     1 ||     7
  Eat: Chunk             |     1 |     5 |     7 ||    13
       Meat ration       |       |     1 |       ||     1
       Beef jerky        |       |       |     1 ||     1
Armor: Robe              |     5 |    21 |    57 ||    83
       Skin              |       |       |     3 ||     3
Dodge: Dodged            |    18 |    64 |   107 ||   189
